AoeStats
← steam.guileless687

Arabia

508163193Analyzed
1v1 RM · 10d ago on Sep 21, 2026· 52m 9s· 2 players
Game mode
Random Map
Map size
Tiny (2 player)
Population
200
Speed
Normal
Resources
Standard
Victory
Conquest
Starting age
Dark Age
Ending age
Imperial Age
RankedLock teamsTeams togetherTeam positionsShared explorationLock speedFull tech treeHidden civsTurbo modeCheats
Victory
Defeat
🇲🇽 Aztecs · Mexico
538
+13
🇺🇸 Mongols · United States
466
-13
steam.guileless687
10:43 Feudal Age
12:18 Wheelbarrow
11:30 Double-Bit Axe
11:28 Horse Collar
12:24 Loom
17:26 Man-at-Arms
22:52 Castle Age
22:41 Fletching
22:52 Padded Archer Armor
28:20 Pikeman
28:24 Pikeman
31:09 Hand Cart
31:24 Town Watch
34:08 Stone Mining
35:54 Stone Shaft Mining
36:43 Bow Saw
36:45 Squires
37:08 Heavy Plow
37:57 Elite Skirmisher
40:41 Long Swordsman
42:04 Murder Holes
43:43 Ballistics
49:13 Nomads
49:42 Thumb Ring
rocko8921
0:52 Loom
11:48 Feudal Age
12:41 Double-Bit Axe
12:39 Horse Collar
14:23 Arson
18:47 Padded Archer Armor
19:05 Fletching
20:10 Scale Mail Armor
27:33 Castle Age
25:49 Forging
27:39 Crossbowman
28:33 Heavy Plow
29:09 Leather Archer Armor
28:59 Squires
31:03 Bow Saw
30:52 Treadmill Crane
31:08 Murder Holes
32:18 Gambesons
32:29 Gold Mining
32:32 Stone Mining
33:31 Eagle Warrior
33:34 Man-at-Arms
34:33 Bodkin Arrow
35:49 Fervor
35:57 Fortified Wall
37:01 Stone Shaft Mining
36:53 Ballistics
38:02 Chain Mail Armor
38:23 Iron Casting
38:18 Long Swordsman
40:42 Gold Shaft Mining
48:38 Imperial Age
49:51 Conscription
48:53 Elite Jaguar Warrior
49:15 Pikeman
51:36 Arbalester
Connection lost

Rejoining the realm…

Still unreachable

The connection could not be restored.

Session expired

The server has moved on; the page needs a fresh start.